Map: Submarine LE

Players

Armani - Winner!

  • Race: Zerg Zerg
  • League: Master
  • Spawn Location: 11:00

Zest

  • Race: Protoss Protoss
  • League: Master
  • Spawn Location: 5:00

VOD

Have the link to the VOD?

Description

Time

  • Played on: June 26, 2020, 8:12 a.m.
  • Length: 5:16
Show
View Real Time Build Order
Export as new Build Order

Armani Zerg - Winner!

Build Orders: Hatch First 

Get SALT Encoding   

  12  0:01  Drone  
  13  0:12  Overlord  
  13  0:17  Drone  
  14  0:31  Drone x2  
  16  0:44  Drone  
  17  0:52  Hatchery  
  17  0:55  Drone  
  17  0:58  Drone  
  17  1:00  Extractor  
  17  1:14  Spawning Pool  
  17  1:18  Drone  
  17  1:20  Drone  
  18  1:29  Drone  
  19  1:39  Drone  
  20  1:49  Drone  
  21  2:01  Zergling x2  
  22  2:03  Queen  
  22  2:04  Metabolic Boost, Queen  
  22  2:08  Zergling x2  
  27  2:18  Zergling x2  
  27  2:19  Overlord  
  28  2:38  Hatchery  
  28  2:40  Zergling x2  
  28  2:44  Zergling x4  
  28  2:47  Zergling x2  
  28  2:48  Zergling x2  
  28  2:49  Zergling x2  
  33  2:54  Zergling x2  
  34  3:07  Zergling x4  
  34  3:09  Overlord  
  34  3:27  Zergling x2  
  34  3:32  Zergling x2  
  35  3:36  Zergling x2  
  35  3:41  Overlord  
  35  3:42  Zergling x2  
  35  3:44  Spore Crawler  
  35  3:45  Zergling x4, Spore Crawler  
  35  3:46  Zergling x2, Spore Crawler  
  35  3:47  Zergling x2  
  39  3:50  Zergling x4  
  39  3:51  Zergling x2  
  39  3:53  Zergling x2  
  42  4:02  Zergling x4  
  43  4:03  Zergling x2  
  43  4:05  Zergling x2  
  43  4:08  Zergling x2  
  41  4:19  Zergling x2  
  41  4:23  Zergling x4  
  40  4:26  Zergling x2  
  40  4:30  Zergling x6  
  40  4:34  Drone x3  
  41  4:41  Zergling x8  
  43  4:49  Zergling x8  
  43  4:52  Zergling x2  
Show
View Real Time Build Order
Export as new Build Order

Zest Protoss 

Build Orders: 1 Gate Expand 

Get SALT Encoding   

  12  0:00  Probe  
  13  0:12  Probe  
  14  0:18  Pylon  
  14  0:24  Probe  
  15  0:32  Probe  
  15  0:40  Gateway, Probe  
  17  0:50  Assimilator  
  17  0:51  Probe  
  18  1:03  Probe  
  19  1:15  Probe  
  20  1:26  Nexus  
  20  1:36  Cybernetics Core  
  20  1:38  Probe  
  21  1:44  Assimilator  
  21  1:50  Probe  
  21  1:52  Pylon  
  22  2:01  Adept  
  22  2:02  Probe  
  23  2:10  Probe  
  26  2:18  Probe  
  27  2:23  Twilight Council, Stalker  
  27  2:33  Probe  
  30  2:38  Probe  
  31  2:45  Probe  
  31  2:50  Probe, Robotics Facility  
  33  2:57  Probe  
  34  3:02  Adept  
  34  3:03  Probe  
  35  3:09  Probe  
  35  3:10  Gateway  
  38  3:27  Immortal  
  38  3:29  Shield Battery  
  38  3:33  Pylon  
  34  3:35  Pylon  
  34  3:40  Shield Battery  
  38  3:46  Cybernetics Core  
  38  4:07  Zealot  
  38  4:08  Gateway  
  32  4:44  Gateway  
  28  4:49  Probe x2  
  28  4:57  Probe x2  
Tags
 
Add a new tag
Caveats
  • Supply blocks, unpowered buildings, or Contaminate may cause inaccurate times.
  • Supply counts are checked every 10 seconds.